 Dungeon Crawl Stone Soup version 0.22-a0-42-g002c468 (webtiles) character file.

24 KristoblXynda the Charmwright (level 2, 0/14 HPs)
             Began as a Spriggan Skald on Jan 5, 2018.
             Slain by a worm (5 damage)
             ... on level 2 of the Dungeon.
             The game lasted 00:01:22 (1272 turns).

KristoblXynda the Charmwright (Spriggan Skald)      Turns: 1272, Time: 00:01:23

Health: 0/14       AC:  2    Str:  7    XL:     2   Next: 79%
Magic:  4/6        EV: 19    Int: 14    God:
Gold:   30         SH:  0    Dex: 15    Spells: 5/6 levels left

rFire    . . .     SeeInvis +   a - +0 short sword
rCold    . . .     Gourm    .   (shield restricted)
rNeg     . . .     Faith    .   b - +0 robe
rPois    .         Spirit   .   (helmet restricted)
rElec    .         Reflect  .   (no cloak)
rCorr    .         Harm     .   (gloves unavailable)
MR       .....                  (boots unavailable)
Stlth    +.........             (no amulet)
HPRegen  0.04/turn              (no ring)
MPRegen  0.10/turn              (no ring)

@: lethally poisoned (0 -> -4), very quick
A: very small, unfitting armour, see invisible, herbivore, speed 3, slow
metabolism 2
a: no special abilities


You were on level 2 of the Dungeon.
You were not hungry.

You visited 1 branch of the dungeon, and saw 2 of its levels.

You collected 30 gold pieces.

Inventory:

Hand Weapons
 a - a +0 short sword (weapon)
Armour
 b - a +0 robe (worn)
Scrolls
 e - a scroll of blinking {unknown}
 g - a scroll of teleportation {unknown}
 i - a scroll of remove curse {unknown}
Potions
 f - 2 potions of brilliance {unknown}
 h - a potion of curing {unknown}
Books
 c - a book of Battle

   Spells                             Type                      Level
   a - Infusion                       Charms                       1
   b - Shroud of Golubria             Charms/Translocation         2
   c - Song of Slaying                Charms                       2
   d - Spectral Weapon                Hexes/Charms                 3
   e - Regeneration                   Charms/Necromancy            3
Comestibles
 d - a ration


   Skills:
 - Level 1.5 Fighting
 + Level 2.8 Short Blades
 + Level 4.2 Dodging
 - Level 2.6 Spellcasting
 + Level 5.0 Charms


You had 5 spell levels left.
You knew the following spells:

 Your Spells              Type           Power        Failure   Level  Hunger
a - Infusion              Chrm           ###.         2%          1    #......


Dungeon Overview and Level Annotations

Branches:
Dungeon (2/15)

Altars:


Innate Abilities, Weirdness & Mutations

You are very small and have problems with some larger weapons.
You are too small for most types of armour.
You have supernaturally acute eyesight. (SInv)
You are a herbivore.
You cover ground extremely quickly.
You need consume almost no food.


Message History

The adder misses you.
You hit the adder.
You kill the adder!
Your Charms skill increases to level 5!
You feel sick.
Casting: Infusion
Confirm with . or Enter, or press ? or * to list all spells.
Okay, then.
You barely miss the worm.
You feel sick.
You are no longer magically infusing your attacks.
You hit the worm.
The worm is lightly wounded.
The worm closely misses you.
You feel sick. The worm completely misses you.
You hit the worm.
The worm is lightly wounded.
You feel sick.
You barely miss the worm. The worm bites you.
You die...

#########
#######........
#.......#########
###.....#..........
........###@####.#
.........##w#..+
.........##.#..#
...[.....##.#'##.####
.........##..........
###########.#†##.####
#.#..+ + #.#..#
#.####


You could see a worm.

Vanquished Creatures
  An adder (D:2)
  A dart slug (D:1)
  2 leopard geckos (D:1)
  A goblin (D:1)
  4 hobgoblins (D:1)
  A frilled lizard (D:1)
  A kobold (D:1)
11 creatures vanquished.

Notes
Turn   | Place    | Note
-------+----------+-------------------------------------------
     0 | D:1      | KristoblXynda the Spriggan Skald began the quest for the Orb.
     0 | D:1      | Reached XP level 1. HP: 10/10 MP: 5/5
   389 | D:1      | Reached XP level 2. HP: 13/14 MP: 3/6
  1257 | D:2      | Reached skill level 5 in Charms
  1272 | D:2      | Slain by a worm

Vault maps used:
D:1:      dpeg_arrival_circle_labyrinth_a, minmay_misc_feat_iff,
          serial_bayou_lagoon_a
D:2:      minmay_door_path

Skill      XL: |  1  2 |
---------------+-------+-----
Dodging        | 4 |  4.2
Charms         | 5 |  5.0
Fighting       | |  1.5
Short Blades   | |  2.8
Spellcasting   | |  2.6

Action                   || total
-------------------------++-------
Melee: Short sword       ||    64
 Cast: Infusion          ||     3
Dodge: Dodged            ||    49

Table legend:
 A = Spawn XP
 B = Non-spawn XP
 C = Spawn XP percentage of total XP
 D = Spawn monster count
 E = Non-spawn monster count
 F = Spawn count percentage of total count
 G = Total turns spent on level
                    A         B        C        D         E        F      G
               +---------+---------+-------+---------+---------+-------+---------
         Total |       0 |      35 |   0.0 |       0 |      11 |   0.0 |  1272
               +---------+---------+-------+---------+---------+-------+---------
           D:1 |       0 |      22 |   0.0 |       0 |      10 |   0.0 |  1227
           D:2 |       0 |      13 |   0.0 |       0 |       1 |   0.0 |    45
               +---------+---------+-------+---------+---------+-------+---------
